 Dungeon Crawl Stone Soup version 0.25.1-2-g60ff931df9 (webtiles) character file.

Game seed: 3454564751096210641

121 lepoulpe303 the Sneak (level 4, -2/21 HPs)
             Began as a Spriggan Earth Elementalist on Sept 10, 2020.
             Killed by divine providence
             ... invoked by an orc priest
              (14 damage)
             ... on level 3 of the Dungeon.
             The game lasted 00:06:39 (2644 turns).

lepoulpe303 the Sneak (Spriggan Earth Elementalist) Turns: 2644, Time: 00:06:39

Health: -2/21      AC:  2    Str:  4    XL:     4   Next: 76%
Magic:  5/10       EV: 19    Int: 17    God:
Gold:   118        SH:  0    Dex: 16    Spells: 7/10 levels left

rFire    . . .     SeeInvis +   a - +1 dagger (venom)
rCold    . . .     Gourm    .   (shield restricted)
rNeg     . . .     Faith    .   c - +0 robe
rPois    .         Spirit   .   (helmet restricted)
rElec    .         Reflect  .   (no cloak)
rCorr    .         Harm     .   (gloves unavailable)
MR       .....                  (boots unavailable)
Stlth    +++.......             (no amulet)
HPRegen  0.07/turn              (no ring)
MPRegen  0.12/turn              (no ring)

@: very quick
A: very small, unfitting armour, see invisible, herbivore, speed 3, slow
metabolism 2
a: no special abilities


You were on level 3 of the Dungeon.
You were not hungry.

You visited 1 branch of the dungeon, and saw 3 of its levels.

You collected 118 gold pieces.

Inventory:

Hand Weapons
 a - a +1 dagger of venom (weapon)
 b - a +0 short sword
Missiles
 k - a throwing net {=f}
 Q - 101 stones (quivered)
Armour
 c - a +0 robe (worn)
Jewellery
 g - a cursed ring of teleportation {unknown}
Scrolls
 d - 4 scrolls of identify {unknown}
 f - a scroll of teleportation {unknown}
 h - a scroll of immolation {unknown}
 j - 4 scrolls of remove curse {unknown}
Potions
 i - a potion of curing {unknown}
 l - a potion of might {unknown}
 m - 2 potions of heal wounds {unknown}
Comestibles
 e - 2 rations


   Skills:
 + Level 1.6 Short Blades
 + Level 3.9 Dodging
 + Level 4.1 Stealth
 * Level 3.9 Spellcasting
 - Level 1.3 Transmutations
 * Level 3.5 Earth Magic


You had 7 spell levels left.
You knew the following spells:

 Your Spells              Type           Power        Failure   Level  Hunger
a - Sandblast             Erth           ###...       3%          1    None
w - Passwall              Tmut/Erth      ##......     9%          2    ##.....

Your spell library contained the following spells:

 Spells                   Type           Power        Failure   Level  Hunger
 Stone Arrow              Conj/Erth      #.....       24%         3    ###....
 Petrify                  Tmut/Erth      ##......     50%         4    ####...
 Lee's Rapid Deconstruct  Erth           ###.......   71%         5    ######.


Dungeon Overview and Level Annotations

Branches:
Dungeon (3/15)

Altars:


Innate Abilities, Weirdness & Mutations

You are very small and have problems with some larger weapons.
You are too small for most types of armour.
You have supernaturally acute eyesight. (SInv)
You are a herbivore.
You cover ground extremely quickly.
You need to consume almost no food.


Message History

The blast of sand hits the orc wizard.
Q - 103 stones The orc wizard hits you but does no damage.
You now have 7/10 mp.
Aim: an orc wizard, wielding a +0 dagger and wearing a +0 robe (heavily wounded)
The blast of sand misses the orc wizard.
The blast of sand hits the orc priest!
Q - 102 stones The orc wizard gestures at you while chanting.
The magic dart hits you.
* * * LOW HITPOINT WARNING * * *
You take 4 damage, and have 11/21 hp.
You now have 6/10 mp.
Aim: an orc wizard, wielding a +0 dagger and wearing a +0 robe (heavily wounded)
The blast of sand hits the orc wizard.
Q - 101 stones The orc wizard barely misses you.
The orc priest invokes the aid of Beogh against you.
Beogh smites you!
Ouch! That really hurt!
You die...

#######.# #.......# #...
#.....#.# #.......# #...
#.###.#.# #.......# ####
#.#...#.# #########...o...####
#.#.###.###......##..........#
#.#....>..+......'.o.##......#
#.#..##.###......###.##......#
#.#..##+###....oo# #.##......#
#....#..........@# #.##......#
###.##...........# #..#......#
#.##...........# ##.########
###..............# #.##
.....[#'###......# #..#
........# #......# ##.#
...<..### #......# #.## #####
......# ######## #..## ##≈≈≈≈
#'#'### ##..###≈≈≈≈≈


You could see an orc priest and an orc wizard.

Levels and vault maps discovered:
D:1:      lightli_arrival_chessboard, layout_basic
D:2:      layout_basic
D:3:      cheibrodos_helix_gallery, layout_basic, minmay_overflow_temple_hex,
          first_ration

Notes
Turn   | Place    | Note
-------+----------+-------------------------------------------
     0 | D:1      | lepoulpe303 the Spriggan Earth Elementalist began the quest
                  | for the Orb.
     0 | D:1      | Reached XP level 1. HP: 9/9 MP: 5/5
    27 | D:1      | Identified a +0 dagger (You found it on level 1 of the
                  | Dungeon)
    35 | D:1      | Identified a +0 club
   226 | D:1      | Identified a +0 short sword
   392 | D:1      | Reached skill level 3 in Spellcasting
   392 | D:1      | Reached XP level 2. HP: 13/13 MP: 7/7
   396 | D:1      | Learned a level 2 spell: Passwall
   498 | D:1      | Identified a +1 dagger of venom
   673 | D:1      | Identified a +0 club
   730 | D:1      | Reached skill level 3 in Earth Magic
   902 | D:2      | Identified a +0 short sword
  1090 | D:2      | Identified a +0 club
  1091 | D:2      | Identified a +0 dagger
  1092 | D:2      | Reached skill level 1 in Short Blades
  1092 | D:2      | Reached XP level 3. HP: 13/16 MP: 8/8
  1094 | D:2      | Identified a +0 club
  1340 | D:2      | Identified a +0 club
  1397 | D:2      | Identified a +0 whip
  1402 | D:2      | Reached XP level 4. HP: 21/21 MP: 10/10
  1742 | D:2      | Identified a +0 club
  1966 | D:2      | Identified a +0 dagger
  2071 | D:3      | Reached skill level 4 in Stealth
  2128 | D:3      | Identified a +0 mace
  2128 | D:3      | Identified a +0 leather armour
  2129 | D:3      | Identified a +0 vorpal flail
  2129 | D:3      | Identified a +0 dagger
  2129 | D:3      | Identified a +0 robe
  2461 | D:3      | Identified a +0 club
  2644 | D:3      | Killed from afar by an orc priest

Table legend:
 A = Turns spent in this place as a percentage of turns spent in the entire game.
 B = Non-inter-level travel turns spent in this place as a percentage of non-inter-level travel turns spent in the entire game.
 C = Inter-level travel turns spent in this place as a percentage of turns spent in this place.
 D = Turns resting spent in this place as a percentage of non-inter-level travel turns spent in this place.
 E = Turns spent auto-exploring this place as a percentage of non-inter-level travel turns spent in this place.
 F = Non-inter-level travel turns spent in this place divided by the number of levels of this place that you've seen.
                   A       B       C       D       E      F
               +-------+-------+-------+-------+-------+----------------------
         Total | 100.0 | 100.0 |   4.7 |  22.9 |  54.3 | 839.7
       Dungeon | 100.0 | 100.0 |   4.7 |  22.9 |  54.3 | 839.7
               +-------+-------+-------+-------+-------+----------------------

Table legend:
 A = Kills in this place as a percentage of kills in entire the game.
 B = Kills by you in this place as a percentage of kills by you in the entire game.
 C = Kills by friends in this place as a percentage of kills by friends in the entire game.
 D = Other kills in this place as a percentage of other kills in the entire game.
 E = Experience gained in this place as a percentage of experience gained in the entire game.
 F = Experience gained in this place divided by the number of levels of this place that you have seen.
                   A       B       C       D       E      F
               +-------+-------+-------+-------+-------+----------------------
         Total | 100.0 | 100.0 |   N/A |   N/A | 100.0 |  57.7
       Dungeon | 100.0 | 100.0 |   N/A |   N/A | 100.0 |  57.7
               +-------+-------+-------+-------+-------+----------------------

Skill      XL: |  1  2  3  4 |
---------------+-------------+-----
Spellcasting   | 3 |  3.9
Earth Magic    | 3 |  3.5
Short Blades   | 1 |  1.6
Stealth        | 4 |  4.1
Dodging        | |  3.9
Transmutations | |  1.3

Action                   |  1- 3 |  4- 6 || total
-------------------------+-------+-------++-------
Melee: Dagger            |    96 |    50 ||   146
       Short sword       |    10 |       ||    10
 Cast: Sandblast         |     7 |    12 ||    19
 Stab: Sleeping          |    11 |     1 ||    12
Armor: Robe              |    15 |     4 ||    19
Dodge: Dodged            |    93 |    46 ||   139

Vanquished Creatures
  6 adders
  A dart slug (D:1)
  2 worms (D:2)
  3 leopard geckos
  2 orcs (D:3)
  3 bats (D:1)
  3 giant cockroaches
  5 goblins
  6 hobgoblins
  A quokka (D:2)
  6 frilled lizards
  9 kobolds
  12 rats
59 creatures vanquished.
